Oilers vs Predators

Created - 22 septembre 2023 at 20:02

Goals
1 2 3 T
Oilers 1 0 0 1
Predators 5 0 1 6
Shots
1 2 3 T
Oilers 8 4 5 17
Predators 11 14 11 36

GoalsPenalties
1st period
1. Predators , Mason McTavish 2 (Cal Foote 1, Semyon Varlamov) at 1:35
2. Predators , Jesper Boqvist 1 (Mason McTavish 2, Corey Perry 4) at 9:46
3. Predators , Jesper Boqvist 2 (Corey Perry 5) at 14:02
4. Predators , Blake Lizotte 2 (Andrew Cogliano 1) at 15:59
5. Predators , Cole Caufield 2 (Trevor Zegras 4) at 17:17 (PP)
6. Oilers , Frank Vatrano 1 (Chris Kreider 1, Rasmus Dahlin 1) at 19:19
Nicolas Hague (NAS) for Close Hand On Puck (Minor) at 6:24
Robby Fabbri (EDM) for Interference (Minor) at 16:06
Nicolas Hague (NAS) for Fighting (Major) at 17:24
Noah Gregor (EDM) for Fighting (Major) at 17:24
Timothy Liljegren (NAS) for Fighting (Major) at 17:33
Adrian Kempe (EDM) for Fighting (Major) at 17:33
Corey Perry (NAS) for Fighting (Major) at 19:38
Radko Gudas (EDM) for Fighting (Major) at 19:38
2nd period
No Goal
Semyon Varlamov (NAS) for Delaying the game (Minor) at 0:12 - Adam Boqvist served the penalty
Jack Johnson (EDM) for Interference (Minor) at 6:08
Phil Kessel (NAS) for Fighting (Major) at 15:23
Adrian Kempe (EDM) for Fighting (Major) at 15:23
Adrian Kempe (EDM) for instigated a fight (Minor) at 15:23
Adrian Kempe (EDM) for instigated a fight (10 Minutes Misconduct) at 15:23
3rd period
7. Predators , Corey Perry 2 (Marc-Edouard Vlasic 3, Trevor Zegras 5) at 7:08
Erik Gustafsson (NAS) for Fighting (Major) at 2:27
Noah Gregor (EDM) for Fighting (Major) at 2:27
Trevor Zegras (NAS) for Hooking (Minor) at 8:38
Blake Lizotte (NAS) for Interference (Minor) at 10:45
Goalie Stats
Cam Talbot (EDM), 25 saves from 27 shots - (0,926), 44:01 minutes
Petr Mrazek (EDM), 5 saves from 9 shots - (0,556), L, 0-1-0, 15:59 minutes
Semyon Varlamov (NAS), 16 saves from 17 shots - (0,941), W, 4-0-0, 60:00 minutes
3 StarsOfficial
1 - Jesper Boqvist (NAS)
2 - Mason McTavish (NAS)
3 - Corey Perry (NAS)
Referees : Kelly Sutherland and Jean Hebert
Linesman : Doug Krell and Justin Johnson
Game Note
Cam Talbot enters game at 15:59 of 1st period
Nicolas Hague beats up Noah Gregor at 17:24 of 1st period
Adrian Kempe beats up Timothy Liljegren at 17:33 of 1st period
Corey Perry beats up Radko Gudas at 19:38 of 1st period
Phil Kessel and Adrian Kempe fight to a draw at 15:23 of 2nd period
Erik Gustafsson and Noah Gregor fight to a draw at 2:27 of 3rd period
Finance
Level 1 -- Attendance: 4540 (76%) -- Ticket Income $454,000
Level 2 -- Attendance: 3533 (71%) -- Ticket Income $211,980
Level 3 -- Attendance: 2717 (87%) -- Ticket Income $95,095
Level 4 -- Attendance: 3226 (81%) -- Ticket Income $64,520
Luxury Box -- Attendance: 951 (95%) -- Ticket Income $190,200
Game was played at the Gaylord Ent. Center.
Total Attendance: 14967 (78%)
Total Ticket Income: $1,015,795
Other Income: $304,738
Total Income: $1,320,533



Team Name Goals Shots Shots Attemp Shots Blocked PIM HIT PP PK FO%
Oilers 117251341150 / 4 (0%)135%
Predators 63670333281 / 3 (33%)065%

Oilers
Player Name POS G A P +/- PIM HIT SHT SB MP PP MP PP SHT PK MP PK SHT FO% FOT GA TA
Adrian KempeLW/RW000-12222115:422:0301:49033% 310
Brett KulakD000-2000218:321:5300:0000% 001
Chris KreiderLW011-2023127:504:5203:2300% 501
Chris TierneyC0000010120:180:0001:56038% 802
Frank VatranoLW/RW1010013215:113:2800:0000% 000
Jack JohnsonD0000220024:140:0901:5700% 000
Jared McCannC/LW000-1001019:254:4400:0000% 000
Joel EdmundsonD000000008:021:1800:000100% 100
Kurtis MacDermidD000000000:000:0000:0000% 000
Marco ScandellaD000000000:000:0000:0000% 000
Nico HischierC000-3001017:530:1300:00036% 1400
Noah GregorLW/RW00001010011:581:5100:4800% 100
Radko GudasD0000500415:380:0001:0800% 010
Rasmus DahlinD011-2002018:525:2113:050100% 100
Robby FabbriC/LW000-2211024:314:2402:22036% 2200
Tucker PoolmanD000-2010014:342:3202:0400% 001
Tyson BarrieD000-2022222:565:3012:0400% 000
Tyson JostC000-3022019:081:2200:00050% 210
Predators
Player Name POS G A P +/- PIM HIT SHT SB MP PP MP PP SHT PK MP PK SHT FO% FOT GA TA
Adam BoqvistD0003000021:020:4601:1500% 000
Adam ErneLW/RW000-1011014:440:0002:4700% 000
Andrew CoglianoLW0111032116:190:0004:2800% 000
Blake LizotteC1011224016:102:0112:04043% 721
Cal FooteD0111030117:470:0001:5600% 000
Cole CaufieldLW1012029019:263:0840:3600% 100
Corey PerryRW1232531015:482:0100:0000% 000
Erik GustafssonD0000531017:004:2301:3700% 000
Jesper BoqvistC/LW/RW2022006010:040:0001:420100% 100
Keegan KolesarRW000-1004013:191:0900:0000% 100
Luke GlendeningC/LW/RW000-1012015:380:0004:28082% 1700
Marc-Edouard VlasicD0112052021:350:4603:0200% 012
Mason McTavishC/LW1122001010:092:0100:000100% 110
Nicolas HagueD0001710124:014:2303:0800% 000
Phil KesselRW0001501013:421:5900:0000% 100
Timothy LiljegrenD0001511018:060:0004:2300% 000
Trevor ZegrasC/LW0222221018:323:0800:00064% 2810
Ty DellandreaC/RW000201008:340:0000:1800% 000

Oilers

5 vs 5 Forward
Line #Left WingCenterRight WingPHYDFOFWanted %Time %Time Play
1Chris KreiderNico HischierTyson Jost1223735%16:21
2Jared McCannRobby FabbriAdrian Kempe0323333%15:20
3Chris KreiderChris TierneyFrank Vatrano1132320%9:16
4Chris TierneyRobby FabbriNoah Gregor005713%5:58
5 vs 5 Defense
Line #DefenseDefensePHYDFOFWanted %Time %Time Play
1Jack JohnsonRadko Gudas1313736%17:01
2Tyson BarrieBrett Kulak1313033%15:22
3Tucker PoolmanRasmus Dahlin0321818%8:35
4Jack JohnsonJoel Edmundson0321513%5:57
Power Play Forward
Line #Left WingCenterRight WingPHYDFOFWanted %Time %Time Play
1Jared McCannChris KreiderAdrian Kempe0145057%4:32
2Chris KreiderRobby FabbriJared McCann0145043%3:24
Power Play Defense
Line #DefenseDefensePHYDFOFWanted %Time %Time Play
1Tyson BarrieRasmus Dahlin0055052%4:09
2Tyson BarrieRasmus Dahlin0055048%3:47
Penalty Kill 4 Players Forward
Line #CenterWingPHYDFOFWanted %Time %Time Play
1Robby FabbriChris Kreider1405462%3:13
2Chris TierneyRobby Fabbri1404638%1:56
Penalty Kill 4 Players Defense
Line #DefenseDefensePHYDFOFWanted %Time %Time Play
1Jack JohnsonRasmus Dahlin0505460%3:05
2Tyson BarrieTucker Poolman0504640%2:04
Penalty Kill 3 Players
Line #WingPHYDFOFWanted %Time %Time PlayDefenseDefensePHYDFOFWanted %Time %Time Play
1Jared McCann140570%0:00 Jack JohnsonRasmus Dahlin050540%0:00
2Chris Kreider140430%0:00 Tucker PoolmanRasmus Dahlin050460%0:00
4 vs 4 Forward
Line #CenterWingPHYDFOFWanted %Time %Time Play
1Chris KreiderAdrian Kempe023540%0:00
2Robby FabbriJared McCann023460%0:00
4 vs 4 Defense
Line #DefensePHYDFOFWanted %Time %Time Play
1Rasmus DahlinJack Johnson122570%0:00
2Jack JohnsonTucker Poolman122430%0:00
Last Minutes Offensive
Left WingCenterRight WingDefenseDefense
Chris KreiderRobby FabbriAdrian KempeRasmus DahlinTyson Barrie
Last Minutes Defensive
Left WingCenterRight WingDefenseDefense
Nico HischierChris TierneyTyson JostJack JohnsonRadko Gudas
Time
Total ForwardTotal DefenseLast Minutes OffensiveLast Minutes Defensive
60:00 60:00 0:000:00
Extra Forwards
Normal PowerPlayPenalty Kill
Adrian Kempe, Robby Fabbri, Chris TierneyFrank Vatrano, Jared McCannAdrian Kempe
Extra Defensemen
Normal PowerPlayPenalty Kill
Jack Johnson, Rasmus Dahlin, Tucker PoolmanTucker Poolman, Radko GudasTyson Barrie
Penalty Shots
Chris Kreider, Robby Fabbri, Adrian Kempe, Jared McCann, Frank Vatrano
Goalie
Petr Mrazek, Cam Talbot
Scratches
Akira Schmid (Healthy)

Predators

5 vs 5 Forward
Line #Left WingCenterRight WingPHYDFOFWanted %Time %Time Play
1Cole CaufieldTrevor ZegrasCorey Perry1224033%15:31
2Andrew CoglianoBlake LizottePhil Kessel1223026%11:58
3Adam ErneLuke GlendeningKeegan Kolesar1222024%11:10
4Mason McTavishTy DellandreaJesper Boqvist0231018%8:16
5 vs 5 Defense
Line #DefenseDefensePHYDFOFWanted %Time %Time Play
1Timothy LiljegrenNicolas Hague1314035%16:24
2Marc-Edouard VlasicErik Gustafsson1313029%13:50
3Adam BoqvistCal Foote1311531%14:32
4Marc-Edouard VlasicNicolas Hague131155%2:09
Power Play Forward
Line #Left WingCenterRight WingPHYDFOFWanted %Time %Time Play
1Cole CaufieldTrevor ZegrasPhil Kessel1137561%3:08
2Mason McTavishBlake LizotteCorey Perry1132539%2:01
Power Play Defense
Line #DefenseDefensePHYDFOFWanted %Time %Time Play
1Erik GustafssonNicolas Hague1137585%4:23
2Marc-Edouard VlasicAdam Boqvist1132515%0:46
Penalty Kill 4 Players Forward
Line #CenterWingPHYDFOFWanted %Time %Time Play
1Luke GlendeningAndrew Cogliano23075100%7:56
2Blake LizotteKeegan Kolesar230250%0:00
Penalty Kill 4 Players Defense
Line #DefenseDefensePHYDFOFWanted %Time %Time Play
1Timothy LiljegrenNicolas Hague2307582%6:31
2Marc-Edouard VlasicCal Foote2302518%1:25
Penalty Kill 3 Players
Line #WingPHYDFOFWanted %Time %Time PlayDefenseDefensePHYDFOFWanted %Time %Time Play
1Luke Glendening140600%0:00 Timothy LiljegrenNicolas Hague140600%0:00
2Blake Lizotte140400%0:00 Marc-Edouard VlasicCal Foote140400%0:00
4 vs 4 Forward
Line #CenterWingPHYDFOFWanted %Time %Time Play
1Trevor ZegrasPhil Kessel122500%0:00
2Blake LizotteCole Caufield122500%0:00
4 vs 4 Defense
Line #DefensePHYDFOFWanted %Time %Time Play
1Erik GustafssonNicolas Hague122500%0:00
2Marc-Edouard VlasicTimothy Liljegren122500%0:00
Last Minutes Offensive
Left WingCenterRight WingDefenseDefense
Cole CaufieldTrevor ZegrasPhil KesselErik GustafssonAdam Boqvist
Last Minutes Defensive
Left WingCenterRight WingDefenseDefense
Blake LizotteLuke GlendeningKeegan KolesarTimothy LiljegrenNicolas Hague
Time
Total ForwardTotal DefenseLast Minutes OffensiveLast Minutes Defensive
60:00 60:00 0:000:00
Extra Forwards
Normal PowerPlayPenalty Kill
Cole Caufield, Trevor Zegras, Phil KesselCole Caufield, Trevor ZegrasLuke Glendening
Extra Defensemen
Normal PowerPlayPenalty Kill
Nicolas Hague, Timothy Liljegren, Marc-Edouard VlasicErik Gustafsson, Nicolas HagueTimothy Liljegren
Penalty Shots
Cole Caufield, Trevor Zegras, Blake Lizotte, Phil Kessel, Corey Perry
Goalie
Semyon Varlamov, Jaroslav Halak
Scratches
Anthony Duclair (Healthy), Pat Maroon (Healthy)


Play-by-Play

1st period


0:01 of 1st period - Trevor Zegras wins face-off versus Nico Hischier in neutral zone.
0:10 of 1st period - Slapshot by Cole Caufield.
0:10 of 1st period - Shot Blocked by Radko Gudas.
0:57 of 1st period - Wrist shot by Luke Glendening.
0:57 of 1st period - Deflect By Keegan Kolesar.
0:57 of 1st period - Stopped by Petr Mrazek without a rebound.
0:58 of 1st period - Jesper Boqvist wins face-off versus Robby Fabbri in Oilers zone.
1:18 of 1st period - Jesper Boqvist is hit by Tyson Barrie and loses puck.
1:35 of 1st period - Backhand shot by Mason McTavish.
1:35 of 1st period - Goal by Mason McTavish - Oilers : 0 - Predators : 1.
1:36 of 1st period - Chris Tierney wins face-off versus Trevor Zegras in neutral zone.
1:41 of 1st period - Slapshot by Chris Kreider.
1:41 of 1st period - Stopped by Semyon Varlamov without a rebound.
1:42 of 1st period - Trevor Zegras wins face-off versus Chris Tierney in Predators zone.
2:17 of 1st period - Phil Kessel is hit by Adrian Kempe and loses puck.
2:50 of 1st period - Slapshot by Brett Kulak.
2:50 of 1st period - Shot Blocked by Nicolas Hague.
4:37 of 1st period - Brett Kulak is hit by Erik Gustafsson and loses puck.
4:54 of 1st period - Nico Hischier is hit by Andrew Cogliano and loses puck.
5:05 of 1st period - Wrist shot by Blake Lizotte.
5:05 of 1st period - Stopped by Petr Mrazek without a rebound.
5:06 of 1st period - Trevor Zegras wins face-off versus Robby Fabbri in Oilers zone.
5:41 of 1st period - Frank Vatrano is hit by Blake Lizotte and loses puck.
6:24 of 1st period - Minor Penalty to Nicolas Hague for Close Hand On Puck.
6:25 of 1st period - Luke Glendening wins face-off versus Robby Fabbri in Predators zone.
6:33 of 1st period - Icing by Jared McCann.
6:34 of 1st period - Luke Glendening wins face-off versus Robby Fabbri in Oilers zone.
6:43 of 1st period - Andrew Cogliano is hit by Chris Kreider and loses puck.
7:29 of 1st period - Timothy Liljegren is hit by Adrian Kempe and loses puck.
8:24 of 1st period - Penalty to Nicolas Hague is over, Nicolas Hague is back on ice.
8:43 of 1st period - Wrist shot by Tyson Jost.
8:43 of 1st period - Stopped by Semyon Varlamov with a rebound.
9:44 of 1st period - Snap shot by Mason McTavish.
9:44 of 1st period - Shot Misses the Net.
9:46 of 1st period - Backhand shot by Jesper Boqvist.
9:46 of 1st period - Goal by Jesper Boqvist - Oilers : 0 - Predators : 2.
9:47 of 1st period - Trevor Zegras wins face-off versus Nico Hischier in neutral zone.
9:50 of 1st period - Chris Kreider is hit by Cal Foote and loses puck.
10:01 of 1st period - Snap shot by Nico Hischier.
10:01 of 1st period - Stopped by Semyon Varlamov with a rebound.
10:21 of 1st period - Slapshot by Andrew Cogliano.
10:21 of 1st period - Shot Misses the Net.
10:39 of 1st period - Wrist shot by Adam Erne.
10:39 of 1st period - Stopped by Petr Mrazek with a rebound.
10:53 of 1st period - Nico Hischier is hit by Luke Glendening and loses puck.
11:31 of 1st period - Icing by Keegan Kolesar.
11:32 of 1st period - Nico Hischier wins face-off versus Keegan Kolesar in Predators zone.
12:17 of 1st period - Slapshot by Trevor Zegras.
12:17 of 1st period - Stopped by Petr Mrazek with a rebound.
13:08 of 1st period - Jack Johnson is hit by Cal Foote and loses puck.
13:15 of 1st period - Adam Boqvist is hit by Chris Tierney and loses puck.
14:02 of 1st period - Snap shot by Jesper Boqvist.
14:02 of 1st period - Goal by Jesper Boqvist - Oilers : 0 - Predators : 3.
14:03 of 1st period - Robby Fabbri wins face-off versus Trevor Zegras in neutral zone.
14:12 of 1st period - Snap shot by Adrian Kempe.
14:12 of 1st period - Stopped by Semyon Varlamov with a rebound.
14:59 of 1st period - Slapshot by Robby Fabbri.
14:59 of 1st period - Stopped by Semyon Varlamov without a rebound.
15:00 of 1st period - Trevor Zegras wins face-off versus Chris Tierney in Predators zone.
15:05 of 1st period - Snap shot by Frank Vatrano.
15:05 of 1st period - Stopped by Semyon Varlamov without a rebound.
15:06 of 1st period - Trevor Zegras wins face-off versus Chris Tierney in Predators zone.
15:42 of 1st period - Slapshot by Cole Caufield.
15:42 of 1st period - Shot Misses the Net.
15:48 of 1st period - Snap shot by Cole Caufield.
15:48 of 1st period - Stopped by Petr Mrazek without a rebound.
15:49 of 1st period - Tyson Jost wins face-off versus Blake Lizotte in Oilers zone.
15:54 of 1st period - Nico Hischier is hit by Nicolas Hague and loses puck.
15:59 of 1st period - Slapshot by Blake Lizotte.
15:59 of 1st period - Deflect By Nico Hischier.
15:59 of 1st period - Goal by Blake Lizotte - Oilers : 0 - Predators : 4.
15:59 of 1st period - Cam Talbot enters game.
16:00 of 1st period - Trevor Zegras wins face-off versus Robby Fabbri in neutral zone.
16:06 of 1st period - Minor Penalty to Robby Fabbri for Interference.
16:07 of 1st period - Trevor Zegras wins face-off versus Adrian Kempe in Oilers zone.
16:15 of 1st period - Wrist shot by Cole Caufield.
16:15 of 1st period - Stopped by Cam Talbot without a rebound.
16:16 of 1st period - Trevor Zegras wins face-off versus Adrian Kempe in Oilers zone.
17:17 of 1st period - Wrist shot by Cole Caufield.
17:17 of 1st period - Goal by Cole Caufield - Oilers : 0 - Predators : 5.
17:18 of 1st period - Luke Glendening wins face-off versus Robby Fabbri in neutral zone.
17:24 of 1st period - Nicolas Hague beats up Noah Gregor.
17:24 of 1st period - Penalty to Nicolas Hague for Fighting.
17:24 of 1st period - Penalty to Noah Gregor for Fighting.
17:25 of 1st period - Robby Fabbri wins face-off versus Trevor Zegras in Oilers zone.
17:33 of 1st period - Adrian Kempe beats up Timothy Liljegren.
17:33 of 1st period - Penalty to Timothy Liljegren for Fighting.
17:33 of 1st period - Penalty to Adrian Kempe for Fighting.
17:34 of 1st period - Trevor Zegras wins face-off versus Nico Hischier in Predators zone.
18:01 of 1st period - Robby Fabbri is hit by Marc-Edouard Vlasic and loses puck.
18:22 of 1st period - Wrist shot by Frank Vatrano.
18:22 of 1st period - Deflect By Chris Kreider.
18:22 of 1st period - Stopped by Semyon Varlamov without a rebound.
18:23 of 1st period - Luke Glendening wins face-off versus Chris Kreider in Predators zone.
18:28 of 1st period - Tyson Barrie is hit by Marc-Edouard Vlasic and loses puck.
18:35 of 1st period - Adam Erne is hit by Frank Vatrano and loses puck.
18:42 of 1st period - Chris Kreider is hit by Marc-Edouard Vlasic and loses puck.
18:59 of 1st period - Slapshot by Adam Erne.
18:59 of 1st period - Shot Blocked by Chris Tierney.
19:09 of 1st period - Snap shot by Chris Kreider.
19:09 of 1st period - Shot Misses the Net.
19:11 of 1st period - Wrist shot by Chris Kreider.
19:11 of 1st period - Shot Misses the Net.
19:19 of 1st period - Wrist shot by Frank Vatrano.
19:19 of 1st period - Goal by Frank Vatrano - Oilers : 1 - Predators : 5.
19:20 of 1st period - Robby Fabbri wins face-off versus Trevor Zegras in neutral zone.
19:33 of 1st period - Wrist shot by Corey Perry.
19:33 of 1st period - Shot Hit the Post.
19:35 of 1st period - Snap shot by Trevor Zegras.
19:35 of 1st period - Shot Blocked by Radko Gudas.
19:37 of 1st period - Wrist shot by Corey Perry.
19:37 of 1st period - Shot Misses the Net.
19:38 of 1st period - Corey Perry beats up Radko Gudas.
19:38 of 1st period - Penalty to Corey Perry for Fighting.
19:38 of 1st period - Penalty to Radko Gudas for Fighting.
19:39 of 1st period - Nico Hischier wins face-off versus Trevor Zegras in Oilers zone.
Goals for this period are 1 for Oilers vs 5 for Predators.
Shots for this period are 8 for Oilers vs 11 for Predators.

2nd period


0:01 of 2nd period - Nico Hischier wins face-off versus Blake Lizotte in neutral zone.
0:10 of 2nd period - Snap shot by Chris Kreider.
0:10 of 2nd period - Stopped by Semyon Varlamov with a rebound.
0:12 of 2nd period - Slapshot by Tyson Jost.
0:12 of 2nd period - Stopped by Semyon Varlamov without a rebound.
0:12 of 2nd period - Minor Penalty to Semyon Varlamov for Delaying the game.
0:13 of 2nd period - Luke Glendening wins face-off versus Chris Kreider in Predators zone.
1:00 of 2nd period - Luke Glendening is hit by Tyson Jost and loses puck.
2:12 of 2nd period - Penalty to Adam Boqvist is over, Adam Boqvist is back on ice.
2:33 of 2nd period - Jack Johnson is hit by Cole Caufield and loses puck.
3:05 of 2nd period - Icing by Noah Gregor.
3:06 of 2nd period - Luke Glendening wins face-off versus Noah Gregor in Oilers zone.
3:11 of 2nd period - Slapshot by Andrew Cogliano.
3:11 of 2nd period - Stopped by Cam Talbot without a rebound.
3:12 of 2nd period - Robby Fabbri wins face-off versus Phil Kessel in Oilers zone.
3:25 of 2nd period - Wrist shot by Adrian Kempe.
3:25 of 2nd period - Stopped by Semyon Varlamov with a rebound.
3:27 of 2nd period - Wrist shot by Rasmus Dahlin.
3:27 of 2nd period - Shot Blocked by Andrew Cogliano.
3:29 of 2nd period - Slapshot by Rasmus Dahlin.
3:29 of 2nd period - Shot Misses the Net.
4:14 of 2nd period - Timothy Liljegren is hit by Tyson Barrie and loses puck.
4:29 of 2nd period - Backhand shot by Timothy Liljegren.
4:29 of 2nd period - Stopped by Cam Talbot with a rebound.
4:43 of 2nd period - Phil Kessel is hit by Robby Fabbri.
4:51 of 2nd period - Snap shot by Blake Lizotte.
4:51 of 2nd period - Shot Misses the Net.
4:53 of 2nd period - Snap shot by Andrew Cogliano.
4:53 of 2nd period - Shot Misses the Net.
6:08 of 2nd period - Minor Penalty to Jack Johnson for Interference.
6:09 of 2nd period - Trevor Zegras wins face-off versus Robby Fabbri in Oilers zone.
6:21 of 2nd period - Wrist shot by Cole Caufield.
6:21 of 2nd period - Stopped by Cam Talbot without a rebound.
6:22 of 2nd period - Trevor Zegras wins face-off versus Robby Fabbri in Oilers zone.
6:33 of 2nd period - Snap shot by Cole Caufield.
6:33 of 2nd period - Stopped by Cam Talbot without a rebound.
6:34 of 2nd period - Robby Fabbri wins face-off versus Cole Caufield in Oilers zone.
7:04 of 2nd period - Icing by Corey Perry.
7:05 of 2nd period - Adrian Kempe wins face-off versus Blake Lizotte in Predators zone.
8:03 of 2nd period - Adrian Kempe is hit by Erik Gustafsson and loses puck.
8:08 of 2nd period - Penalty to Jack Johnson is over, Jack Johnson is back on ice.
8:14 of 2nd period - Slapshot by Rasmus Dahlin.
8:14 of 2nd period - Stopped by Semyon Varlamov without a rebound.
8:15 of 2nd period - Luke Glendening wins face-off versus Nico Hischier in Predators zone.
8:24 of 2nd period - Nico Hischier is hit by Cal Foote and loses puck.
8:29 of 2nd period - Wrist shot by Luke Glendening.
8:29 of 2nd period - Shot Blocked by Chris Kreider.
8:31 of 2nd period - Wrist shot by Adam Erne.
8:31 of 2nd period - Shot Hit the Post.
8:51 of 2nd period - Slapshot by Marc-Edouard Vlasic.
8:51 of 2nd period - Stopped by Cam Talbot with a rebound.
10:04 of 2nd period - Rasmus Dahlin is hit by Marc-Edouard Vlasic and loses puck.
10:33 of 2nd period - Wrist shot by Cole Caufield.
10:33 of 2nd period - Shot Misses the Net.
11:25 of 2nd period - Backhand shot by Jesper Boqvist.
11:25 of 2nd period - Stopped by Cam Talbot with a rebound.
11:39 of 2nd period - Tyson Barrie is hit by Corey Perry and loses puck.
12:04 of 2nd period - Chris Kreider is hit by Marc-Edouard Vlasic and loses puck.
12:16 of 2nd period - Icing by Chris Kreider.
12:17 of 2nd period - Mason McTavish wins face-off versus Robby Fabbri in Oilers zone.
12:20 of 2nd period - Snap shot by Ty Dellandrea.
12:20 of 2nd period - Shot Blocked by Adrian Kempe.
12:34 of 2nd period - Chris Tierney is hit by Trevor Zegras and loses puck.
12:39 of 2nd period - Snap shot by Trevor Zegras.
12:39 of 2nd period - Shot Misses the Net.
13:04 of 2nd period - Snap shot by Andrew Cogliano.
13:04 of 2nd period - Stopped by Cam Talbot with a rebound.
13:06 of 2nd period - Slapshot by Luke Glendening.
13:06 of 2nd period - Shot Misses the Net.
13:08 of 2nd period - Wrist shot by Keegan Kolesar.
13:08 of 2nd period - Stopped by Cam Talbot with a rebound.
13:10 of 2nd period - Wrist shot by Adam Erne.
13:10 of 2nd period - Shot Misses the Net.
13:12 of 2nd period - Snap shot by Adam Erne.
13:12 of 2nd period - Shot Misses the Net.
13:14 of 2nd period - Wrist shot by Luke Glendening.
13:14 of 2nd period - Stopped by Cam Talbot without a rebound.
13:15 of 2nd period - Chris Tierney wins face-off versus Trevor Zegras in Oilers zone.
13:15 of 2nd period - Chris Tierney is hit by Corey Perry.
14:24 of 2nd period - Marc-Edouard Vlasic is hit by Jack Johnson and loses puck.
14:49 of 2nd period - Snap shot by Cole Caufield.
14:49 of 2nd period - Shot Misses the Net.
15:07 of 2nd period - Slapshot by Keegan Kolesar.
15:07 of 2nd period - Stopped by Cam Talbot without a rebound.
15:08 of 2nd period - Blake Lizotte wins face-off versus Robby Fabbri in Oilers zone.
15:21 of 2nd period - Adrian Kempe is hit by Blake Lizotte and loses puck.
15:23 of 2nd period - Phil Kessel and Adrian Kempe fight to a draw.
15:23 of 2nd period - Penalty to Phil Kessel for Fighting.
15:23 of 2nd period - Penalty to Adrian Kempe for Fighting.
15:23 of 2nd period - Penalty to Adrian Kempe for instigated a fight.
15:23 of 2nd period - Penalty to Adrian Kempe for instigated a fight.
15:24 of 2nd period - Trevor Zegras wins face-off versus Robby Fabbri in Oilers zone.
15:39 of 2nd period - Slapshot by Trevor Zegras.
15:39 of 2nd period - Shot Misses the Net.
16:16 of 2nd period - Slapshot by Blake Lizotte.
16:16 of 2nd period - Stopped by Cam Talbot without a rebound.
16:17 of 2nd period - Blake Lizotte wins face-off versus Chris Tierney in Oilers zone.
17:23 of 2nd period - Penalty to Adrian Kempe is over, Frank Vatrano is send on ice.
17:48 of 2nd period - Tyson Jost is hit by Ty Dellandrea and loses puck.
18:32 of 2nd period - Slapshot by Blake Lizotte.
18:32 of 2nd period - Stopped by Cam Talbot with a rebound.
19:07 of 2nd period - Icing by Jared McCann.
19:08 of 2nd period - Luke Glendening wins face-off versus Nico Hischier in Oilers zone.
19:13 of 2nd period - Slapshot by Erik Gustafsson.
19:13 of 2nd period - Stopped by Cam Talbot without a rebound.
19:14 of 2nd period - Luke Glendening wins face-off versus Nico Hischier in Oilers zone.
19:17 of 2nd period - Snap shot by Keegan Kolesar.
19:17 of 2nd period - Stopped by Cam Talbot without a rebound.
19:18 of 2nd period - Trevor Zegras wins face-off versus Nico Hischier in Oilers zone.
Goals for this period are 0 for Oilers vs 0 for Predators.
Shots for this period are 4 for Oilers vs 14 for Predators.

3rd period


0:01 of 3rd period - Nico Hischier wins face-off versus Trevor Zegras in neutral zone.
0:15 of 3rd period - Off-side.
0:16 of 3rd period - Blake Lizotte wins face-off versus Chris Tierney in neutral zone.
0:45 of 3rd period - Snap shot by Ty Dellandrea.
0:45 of 3rd period - Shot Misses the Net.
0:55 of 3rd period - Wrist shot by Jesper Boqvist.
0:55 of 3rd period - Stopped by Cam Talbot with a rebound.
1:39 of 3rd period - Slapshot by Tyson Jost.
1:39 of 3rd period - Shot Misses the Net.
2:22 of 3rd period - Off-side.
2:23 of 3rd period - Joel Edmundson wins face-off versus Luke Glendening in neutral zone.
2:26 of 3rd period - Snap shot by Rasmus Dahlin.
2:26 of 3rd period - Deflect By Frank Vatrano.
2:26 of 3rd period - Stopped by Semyon Varlamov with a rebound.
2:27 of 3rd period - Erik Gustafsson and Noah Gregor fight to a draw.
2:27 of 3rd period - Penalty to Erik Gustafsson for Fighting.
2:27 of 3rd period - Penalty to Noah Gregor for Fighting.
2:28 of 3rd period - Trevor Zegras wins face-off versus Tyson Jost in Predators zone.
2:35 of 3rd period - Snap shot by Trevor Zegras.
2:35 of 3rd period - Shot Blocked by Brett Kulak.
2:37 of 3rd period - Snap shot by Corey Perry.
2:37 of 3rd period - Shot Blocked by Tyson Barrie.
2:39 of 3rd period - Snap shot by Cole Caufield.
2:39 of 3rd period - Stopped by Cam Talbot with a rebound.
2:43 of 3rd period - Slapshot by Trevor Zegras.
2:43 of 3rd period - Shot Misses the Net.
2:45 of 3rd period - Slapshot by Marc-Edouard Vlasic.
2:45 of 3rd period - Stopped by Cam Talbot with a rebound.
3:03 of 3rd period - Snap shot by Jared McCann.
3:03 of 3rd period - Stopped by Semyon Varlamov with a rebound.
3:05 of 3rd period - Slapshot by Tyson Barrie.
3:05 of 3rd period - Stopped by Semyon Varlamov with a rebound.
3:21 of 3rd period - Wrist shot by Andrew Cogliano.
3:21 of 3rd period - Shot Misses the Net.
3:51 of 3rd period - Snap shot by Ty Dellandrea.
3:51 of 3rd period - Shot Blocked by Frank Vatrano.
3:53 of 3rd period - Slapshot by Jesper Boqvist.
3:53 of 3rd period - Stopped by Cam Talbot with a rebound.
3:55 of 3rd period - Wrist shot by Ty Dellandrea.
3:55 of 3rd period - Shot Misses the Net.
3:57 of 3rd period - Snap shot by Mason McTavish.
3:57 of 3rd period - Shot Blocked by Frank Vatrano.
3:59 of 3rd period - Slapshot by Jesper Boqvist.
3:59 of 3rd period - Stopped by Cam Talbot with a rebound.
4:47 of 3rd period - Icing by Cal Foote.
4:48 of 3rd period - Luke Glendening wins face-off versus Nico Hischier in Predators zone.
4:57 of 3rd period - Wrist shot by Cole Caufield.
4:57 of 3rd period - Stopped by Cam Talbot with a rebound.
5:23 of 3rd period - Backhand shot by Timothy Liljegren.
5:23 of 3rd period - Deflect By Phil Kessel.
5:23 of 3rd period - Stopped by Cam Talbot without a rebound.
5:24 of 3rd period - Trevor Zegras wins face-off versus Robby Fabbri in Oilers zone.
5:31 of 3rd period - Snap shot by Cole Caufield.
5:31 of 3rd period - Stopped by Cam Talbot without a rebound.
5:32 of 3rd period - Trevor Zegras wins face-off versus Chris Kreider in Oilers zone.
5:41 of 3rd period - Wrist shot by Cole Caufield.
5:41 of 3rd period - Stopped by Cam Talbot without a rebound.
5:42 of 3rd period - Chris Tierney wins face-off versus Trevor Zegras in Oilers zone.
7:06 of 3rd period - Snap shot by Marc-Edouard Vlasic.
7:06 of 3rd period - Shot Blocked by Tyson Barrie.
7:08 of 3rd period - Slapshot by Corey Perry.
7:08 of 3rd period - Goal by Corey Perry - Oilers : 1 - Predators : 6.
7:09 of 3rd period - Nico Hischier wins face-off versus Trevor Zegras in neutral zone.
7:17 of 3rd period - Snap shot by Marc-Edouard Vlasic.
7:17 of 3rd period - Shot Blocked by Radko Gudas.
7:19 of 3rd period - Snap shot by Cole Caufield.
7:19 of 3rd period - Shot Misses the Net.
8:08 of 3rd period - Icing by Marc-Edouard Vlasic.
8:09 of 3rd period - Luke Glendening wins face-off versus Robby Fabbri in Predators zone.
8:09 of 3rd period - Luke Glendening is hit by Noah Gregor.
8:23 of 3rd period - Wrist shot by Luke Glendening.
8:23 of 3rd period - Shot Misses the Net.
8:25 of 3rd period - Snap shot by Luke Glendening.
8:25 of 3rd period - Stopped by Cam Talbot with a rebound.
8:27 of 3rd period - Wrist shot by Adam Erne.
8:27 of 3rd period - Deflect By Jared McCann.
8:27 of 3rd period - Shot Blocked by Brett Kulak.
8:27 of 3rd period - Puck is out of play.
8:28 of 3rd period - Trevor Zegras wins face-off versus Nico Hischier in Oilers zone.
8:38 of 3rd period - Minor Penalty to Trevor Zegras for Hooking.
8:39 of 3rd period - Robby Fabbri wins face-off versus Luke Glendening in Predators zone.
8:39 of 3rd period - Slapshot by Jared McCann.
8:39 of 3rd period - Shot Misses the Net.
8:41 of 3rd period - Snap shot by Tyson Barrie.
8:41 of 3rd period - Stopped by Semyon Varlamov without a rebound.
8:42 of 3rd period - Luke Glendening wins face-off versus Robby Fabbri in Predators zone.
8:50 of 3rd period - Off-side.
8:51 of 3rd period - Robby Fabbri wins face-off versus Luke Glendening in neutral zone.
9:08 of 3rd period - Slapshot by Rasmus Dahlin.
9:08 of 3rd period - Stopped by Semyon Varlamov without a rebound.
9:09 of 3rd period - Luke Glendening wins face-off versus Chris Kreider in Predators zone.
9:14 of 3rd period - Tyson Barrie is hit by Andrew Cogliano and loses puck.
9:56 of 3rd period - Slapshot by Tyson Barrie.
9:56 of 3rd period - Deflect By Robby Fabbri.
9:56 of 3rd period - Shot Blocked by Cal Foote.
9:56 of 3rd period - Puck is out of play.
9:57 of 3rd period - Robby Fabbri wins face-off versus Blake Lizotte in Predators zone.
10:23 of 3rd period - 10 Minutes Misconduct Penalty to Adrian Kempe is over.
10:38 of 3rd period - Penalty to Trevor Zegras is over, Trevor Zegras is back on ice.
10:45 of 3rd period - Minor Penalty to Blake Lizotte for Interference.
10:46 of 3rd period - Luke Glendening wins face-off versus Chris Kreider in Predators zone.
11:50 of 3rd period - Adrian Kempe is hit by Adam Erne and loses puck.
12:31 of 3rd period - Ty Dellandrea is hit by Tyson Jost and loses puck.
12:45 of 3rd period - Penalty to Blake Lizotte is over, Blake Lizotte is back on ice.
12:53 of 3rd period - Trevor Zegras is hit by Tucker Poolman and loses puck.
14:50 of 3rd period - Adrian Kempe is hit by Trevor Zegras and loses puck.
15:22 of 3rd period - Robby Fabbri is hit by Andrew Cogliano and loses puck.
15:54 of 3rd period - Radko Gudas is hit by Cole Caufield and loses puck.
16:24 of 3rd period - Icing by Frank Vatrano.
16:25 of 3rd period - Rasmus Dahlin wins face-off versus Trevor Zegras in Oilers zone.
16:30 of 3rd period - Adam Boqvist is hit by Chris Kreider and loses puck.
16:58 of 3rd period - Wrist shot by Phil Kessel.
16:58 of 3rd period - Shot Blocked by Radko Gudas.
17:56 of 3rd period - Cal Foote is hit by Jack Johnson and loses puck.
19:00 of 3rd period - Noah Gregor is hit by Corey Perry and loses puck.
19:21 of 3rd period - Chris Kreider is hit by Timothy Liljegren and loses puck.
19:44 of 3rd period - Chris Kreider is hit by Erik Gustafsson and loses puck.
Goals for this period are 0 for Oilers vs 1 for Predators.
Shots for this period are 5 for Oilers vs 11 for Predators.